 Dungeon Crawl Stone Soup version 0.30-a0-860-g512cf1e979 (webtiles) character file.

Game seed: 16970921677601091569

18136 jasper the Grappler (level 12, -4/177 HPs)
             Began as a Troll Fighter on Mar 7, 2023.
             Was a High Priest of Okawaru.
             Killed from afar by Jorgrun (58 damage)
             ... with an iron shot
             ... on level 13 of the Dungeon.
             The game lasted 00:21:13 (10714 turns).

jasper the Grappler (Troll Fighter)                Turns: 10714, Time: 00:21:13

Health: -4/177     AC: 12    Str: 33    XL:     12   Next: 25%
Magic:  0/21       EV:  8    Int:  4    God:    Okawaru [*****.]
Gold:   692        SH: 10    Dex: 13    Spells: 11/11 levels left

rFire   . . .      SeeInvis +      - Unarmed
rCold   . . .      Faith    .    N - +0 kite shield {AC+3}
rNeg    + + .      Spirit   +    l - +1 troll leather armour {Pargi}
rPois   .          Reflect  .    (helmet restricted)
rElec   .          Rampage  .    y - +0 cloak
rCorr   .                        (gloves unavailable)
Will    .....                    (boots unavailable) Stlth
                                 n - amulet of guardian spirit
HPRegen 2.09/turn                m - ring of Yckiyhis {*Slow rN++ Str+6 Slay+2 SInv}
MPRegen 0.17/turn                g - ring of magical power

@: berserking, grasped by roots, constricted, very quick
A: large, unfitting armour, claws 3, regeneration 1, shaggy fur 1, tough skin 1
a: Renounce Religion, Heroism, Finesse, Duel


You were on level 13 of the Dungeon.
You worshipped Okawaru.
Okawaru was extremely pleased with you.
You visited 2 branches of the dungeon, and saw 14 of its levels.
You also visited: Sewer.

You collected 987 gold pieces.
You spent 295 gold pieces at shops.

Inventory:

Hand Weapons
 T - a +0 giant spiked club
Missiles
 d - 3 throwing nets
 D - 11 poisoned darts (quivered)
 E - 3 curare-tipped darts
 F - 3 silver javelins
 H - 43 stones
 I - 2 boomerangs
 M - 5 javelins
 Q - 4 large rocks
Armour
 a - a +0 robe
 b - a +0 kite shield
 h - a scarf of shadows
 l - a +1 troll leather armour (worn) {Pargi}
 y - a +0 cloak (worn)
 N - a +0 kite shield of protection (worn)
Jewellery
 e - a ring of ice
 g - a ring of magical power (right claw)
 m - the ring of Yckiyhis (left claw) {*Slow rN++ Str+6 Slay+2 SInv}
   (You found it in a sewer)

   [ring of strength]

   Str:       It affects your strength (+6).
   Slay:      It affects your accuracy & damage with ranged weapons and melee
   (+2).
   rN:        It greatly protects you from negative energy.
   SInv:      It lets you see invisible.
   *Slow:     It may slow you when you take damage.
 n - an amulet of guardian spirit (around neck)
 R - a ring of see invisible
Wands
 o - a wand of charming (13)
 p - a wand of mindburst (2)
 G - a wand of digging (1)
 K - a wand of light (6)
 P - a wand of polymorph (4)
Scrolls
 f - 2 scrolls of noise
 r - a scroll of enchant weapon
 u - 2 scrolls of poison
 z - 6 scrolls of teleportation
 B - 5 scrolls of blinking
 J - 4 scrolls of enchant armour
 L - a scroll of vulnerability
 O - a scroll of immolation
 S - a scroll of identify
Potions
 c - 4 potions of might
 i - 3 potions of brilliance
 j - 2 potions of haste
 q - a potion of invisibility
 s - 3 potions of mutation
 t - 2 potions of resistance
 v - 4 potions of degeneration
 w - 3 potions of flight
 x - 2 potions of ambrosia
 A - 3 potions of curing
 C - a potion of lignification {unknown}


   Skills:
 + Level 7.4 Fighting
 - Level 3.0 Throwing
 + Level 6.3 Armour
 + Level 7.4 Dodging
 + Level 8.0 Shields
 * Level 11.9 Unarmed Combat
 - Level 2.0 Invocations


You had 11 spell levels left.
You didn't know any spells.
Your spell library contained the following spells:

 Spells                   Type           Power      Damage    Failure   Level
 Sandblast                Erth           0%         2d4       77%         1
 Blink                    Tloc           0%         N/A       88%         2
 Lesser Beckoning         Tloc           0%         N/A       88%         2
 Momentum Strike          Conj/Tloc      0%         3d8       88%         2
 Passwall                 Tmut/Erth      0%         N/A       88%         2
 Ozocubu's Armour         Ice            0%         N/A       98%         3
 Stone Arrow              Conj/Erth      0%         3d7       98%         3
 Metabolic Englaciation   Hex/Ice        0%         N/A       100%        5
 Simulacrum               Ice/Necr       Unusable   N/A       N/A         6

Dungeon Overview and Level Annotations

Branches:
Dungeon (13/15)            Temple (1/1) D:4            Lair (0/5) D:10
    Orc (0/2) D:9           Sewer (visited)
 Vaults: D:13-14

Altars:
Ashenzari
Cheibriados
Dithmenos
Elyvilon
Fedhas
Gozag
Hepliaklqana
Kikubaaqudgha
Makhleb
Nemelex Xobeh
Okawaru
Qazlal
Ru
Sif Muna
Trog
Uskayaw
Vehumet
Wu Jian
Xom
Yredelemnul
Zin
The Shining One
Lugonu

Shops:
D:11 ?*   D:12 *

Annotations:
D:13 Jorgrun


Innate Abilities, Weirdness & Mutations

You are too large for most types of armour.
You have claws for hands.
Your natural rate of healing is unusually fast.
You are covered in fur. (AC +1)
You have tough skin. (AC +1)


Message History

Jorgrun is blinded.
The grasping roots constrict you! Jorgrun gestures at you while chanting.
Your limbs have turned to stone.
The grasping roots constrict you!
You have turned to stone.
The grasping roots release their grip on you.
Jorgrun hits you but does no damage.
Jorgrun is no longer blind.
Jorgrun casts a spell at you. The iron shot hits you!!!
Jorgrun says, "A few more walls knocked out 'ere an' thar an' 'tis whole place will come crashin' down."
Jorgrun hits you with a +0 heavy quarterstaff!
Jorgrun hits you with a +0 heavy quarterstaff!!
Jorgrun hits you with a +0 heavy quarterstaff!
Jorgrun hits you with a +0 heavy quarterstaff!
You turn to flesh and can move again.
You take 37 damage, and have 48/118 hp.
MASSIVE DAMAGE!!
You now have 6/21 mp.
Unknown command.
You closely miss Jorgrun.
Jorgrun is moderately wounded.
You regained 2 hp, and now have 50/118 hp.
You miss Jorgrun.
Jorgrun is moderately wounded.
Jorgrun casts a spell at you.
Roots burst forth from the earth!
The grasping roots grab you! The grasping roots constrict you.
You take 4 damage, and have 46/118 hp.
You completely miss Jorgrun.
Jorgrun is moderately wounded.
Jorgrun barely misses you. The grasping roots constrict you!
* * * LOW HITPOINT WARNING * * *
You take 12 damage, and have 34/118 hp.
You now have 4/21 mp.
A red film seems to cover your vision as you go berserk!
You feel yourself moving faster!
You feel mighty!
You now have 53/177 hp.
You closely miss Jorgrun.
Jorgrun is moderately wounded.
Jorgrun points at you and mumbles some strange words.
The iron shot hits you!!!
You die...

#......##..#
#......##..#
.. #..# ...
#..# ....
#..# ..((.
#..#
#...##..#
#..(....#
#(..(g@.#
#...##..#
#... #..#
#.. #..# #..
#..# #. #..#
#. #..# #..#


You could see Jorgrun (very poisoned).

Vanquished Creatures
  Erica (D:11)
  A boulder beetle (D:11)
  Urug (D:11)
  4 skeletal warriors (D:11)
  Lodul (D:13)
  2 ugly things
  A deep elf pyromancer (D:12)
  A cyclops (D:12)
  Pikel (D:5)
  A gargoyle (D:12)
  An unseen horror (D:12)
  3 trolls
  4 shadows
  5 slime creatures
  15 yaks
  A vampire (D:12)
  3 wyverns
  6 vampire mosquitoes (D:12)
  A steam dragon (D:7)
  A water moccasin (D:6)
  7 orc warriors
  Pargi (Sewer)
  An ice beast (D:7)
  Duvessa (D:4)
  7 ogres (D:13)
  6 centaurs
  2 phantoms (D:7)
  3 kobold brigands
  2 scorpions
  4 bullfrogs
  3 gnoll sergeants
  4 wights (D:10)
  Dowan (D:4)
  3 killer bees (D:7)
  3 howler monkeys (D:10)
  2 jellies
  10 orc priests
  2 gnoll boudas
  4 hounds
  Ijyb (D:4)
  5 iguanas
  3 sleepcaps
  11 orc wizards
  10 adders
  24 gnolls
  A river rat (D:3)
  A shadow imp (D:6)
  An ufetubus (D:7)
  3 worms
  3 dart slugs
  36 orcs
  2 ball pythons
  6 endoplasms
  8 giant cockroaches
  10 hobgoblins
  A quokka (D:3)
  11 bats
  A frilled lizard (D:2)
  5 goblins
  19 kobolds
  6 rats
288 creatures vanquished.

Vanquished Creatures (others)
  Sigmund (D:2)
  2 plants (D:8)
3 creatures vanquished.

Grand Total: 291 creatures vanquished

Notes
Turn   | Place    | Note
-------+----------+-------------------------------------------
     0 | D:1      | jasper the Troll Fighter began the quest for the Orb.
     0 | D:1      | Reached XP level 1. HP: 22/22 MP: 0/0
   233 | D:1      | Reached XP level 2. HP: 29/29 MP: 1/1
   802 | D:2      | Reached XP level 3. HP: 32/36 MP: 2/2
  1013 | D:2      | Noticed Sigmund
  1031 | D:2      | Killed Sigmund
  1032 | D:2      | Reached skill level 3 in Unarmed Combat
  1032 | D:2      | Reached XP level 4. HP: 26/45 MP: 3/3
  1032 | D:2      | Reached XP level 5. HP: 30/53 MP: 4/4
  1034 | D:2      | Reached skill level 4 in Unarmed Combat
  1594 | D:3      | Reached XP level 6. HP: 61/61 MP: 5/5
  1817 | D:3      | Found a glowing drain.
  1830 | Sewer    | Entered a sewer
  1877 | Sewer    | Noticed Pargi
  1888 | Sewer    | Killed Pargi
  1915 | Sewer    | Identified the ring of Yckiyhis {*Slow rN++ Str+6 Slay+2
                  | SInv}
  2157 | D:3      | Found a radiant altar of Vehumet.
  2511 | D:4      | Noticed Dowan
  2512 | D:4      | Noticed Duvessa
  2518 | D:4      | Killed Duvessa
  2519 | D:4      | Reached skill level 5 in Unarmed Combat
  2519 | D:4      | Reached XP level 7. HP: 68/68 MP: 6/6
  2523 | D:4      | Killed Dowan
  2524 | D:4      | Reached skill level 1 in Armour
  2888 | D:4      | Noticed Ijyb
  2902 | D:4      | Killed Ijyb
  3015 | D:4      | Found a staircase to the Ecumenical Temple.
  3065 | Temple   | Entered the Ecumenical Temple
  3577 | D:5      | Entered Level 5 of the Dungeon
  3605 | D:5      | Noticed Pikel
  3607 | D:5      | Killed Pikel
  3608 | D:5      | Reached skill level 6 in Unarmed Combat
  3608 | D:5      | Reached XP level 8. HP: 78/78 MP: 7/7
  3931 | D:5      | Found the +5 Force Lance {heavy, knockback}
  4121 | D:5      | Found an iron altar of Okawaru.
  4121 | D:5      | Found a bloodstained altar of Trog.
  4123 | D:5      | Found a sacrificial altar of Ru.
  4204 | D:5      | Became a worshipper of Warmaster Okawaru
  4548 | D:6      | Reached skill level 5 in Shields
  4595 | D:6      | Reached skill level 7 in Unarmed Combat
  4611 | D:6      | Reached * piety under Okawaru
  4748 | D:6      | Reached XP level 9. HP: 85/85 MP: 8/8
  5578 | D:7      | Reached skill level 1 in Throwing
  5578 | D:7      | Reached skill level 1 in Invocations
  6032 | D:7      | Reached ** piety under Okawaru
  6170 | D:7      | Reached skill level 5 in Fighting
  6170 | D:7      | Reached skill level 5 in Dodging
  6509 | D:8      | Reached skill level 8 in Unarmed Combat
  7282 | D:8      | Reached XP level 10. HP: 96/96 MP: 10/10
  7411 | D:9      | Found a staircase to the Orcish Mines.
  7444 | D:9      | Reached *** piety under Okawaru
  7546 | D:9      | Reached skill level 9 in Unarmed Combat
  7817 | D:9      | Reached **** piety under Okawaru
  8019 | D:10     | Entered Level 10 of the Dungeon
  8158 | D:10     | Found an opulent altar of Gozag.
  8161 | D:10     | Found a burning altar of Makhleb.
  8165 | D:10     | Found a hazy altar of Hepliaklqana.
  8169 | D:10     | Found a shimmering blue altar of Sif Muna.
  8169 | D:10     | Found a stormy altar of Qazlal.
  8169 | D:10     | Found a white marble altar of Elyvilon.
  8169 | D:10     | Found a blossoming altar of Fedhas.
  8186 | D:10     | Found an ornate altar of the Wu Jian Council.
  8187 | D:10     | Found a glowing silver altar of Zin.
  8266 | D:10     | Found a shimmering altar of Xom.
  8347 | D:10     | Received a gift from Okawaru
  8375 | D:10     | Found a staircase to the Lair.
  8781 | D:11     | Reached skill level 10 in Unarmed Combat
  8781 | D:11     | Reached XP level 11. HP: 79/105 MP: 11/11
  8864 | D:11     | Found Noicyad's Magic Scroll Emporium.
  8867 | D:11     | Bought a scroll of teleportation for 39 gold pieces
  8867 | D:11     | Bought a scroll of teleportation for 39 gold pieces
  8883 | D:11     | Reached ***** piety under Okawaru
  8883 | D:11     | Noticed Erica
  8897 | D:11     | Killed Erica
  8898 | D:11     | Reached skill level 5 in Armour
  9040 | D:11     | Noticed Urug
  9054 | D:11     | Killed Urug
  9054 | D:11     | Received a gift from Okawaru
  9166 | D:11     | Noticed a white ugly thing
  9179 | D:11     | Killed a white ugly thing
  9221 | D:11     | Noticed a skeletal warrior
  9222 | D:11     | Noticed a skeletal warrior
  9223 | D:11     | Noticed a skeletal warrior
  9224 | D:11     | Noticed a skeletal warrior
  9245 | D:11     | Killed a skeletal warrior
  9250 | D:11     | Killed a skeletal warrior
  9257 | D:11     | Killed a skeletal warrior
  9264 | D:11     | Killed a skeletal warrior
  9264 | D:11     | Received a gift from Okawaru
  9523 | D:11     | Found Test's General Store.
  9543 | D:11     | Bought a scroll of poison for 56 gold pieces
  9543 | D:11     | Bought a scroll of blinking for 105 gold pieces
  9543 | D:11     | Bought a scroll of immolation for 56 gold pieces
  9707 | D:12     | Reached skill level 11 in Unarmed Combat
  9907 | D:12     | Noticed a boulder beetle
  9930 | D:11     | Killed a boulder beetle
 10103 | D:12     | Noticed a deep elf pyromancer
 10110 | D:12     | Killed a deep elf pyromancer
 10161 | D:12     | Reached XP level 12. HP: 67/118 MP: 8/12
 10329 | D:12     | Found Sieces's Overcharged Wands.
 10579 | D:13     | Noticed Lodul
 10591 | D:13     | Killed Lodul
 10691 | D:13     | Noticed Jorgrun
 10714 | D:13     | Killed from afar by Jorgrun

Illustrated notes

Levels and vault maps discovered:
D:1:      minmay_arrival_glassed_features, layout_loops_ring, serial_aquarium,
          aquarium_bridge_straight [aquarium_subvault_bridge,
          aquarium_subvault_window, aquarium_subvault_bridge,
          aquarium_subvault_window], aquarium_bridge_straight
          [aquarium_subvault_bridge, aquarium_subvault_balcony,
          aquarium_subvault_bridge, aquarium_subvault_balcony],
          aquarium_window_2, aquarium_window_3, aquarium_view_2d,
          aquarium_view_2e, due_unseen_surprise
D:2:      layout_loops_ring, uniq_sigmund
D:3:      layout_loops_ring, fiery_altar_vehumet, portal_sewer_entry_e,
          minmay_misc_feat_alley
D:4:      layout_gridville, temple_pool_b, serial_rivers,
          chequers_serial_rivers_marsh, chequers_serial_rivers_room_a,
          chequers_serial_rivers_small_b, chequers_serial_rivers_small_3,
          chequers_serial_rivers_small_b, grunt_ministairs_15, uniq_ijyb,
          uniq_duvessa
D:5:      layout_gridville, gammafunk_temple_overflow_claw,
          corexii_hall_statues_i, minmay_misc_feat_secret_circle, uniq_pikel
D:6:      layout_basic, grunt_ministairs_1
D:7:      layout_rooms, grunt_decor_arrowhead, amcnicky_mini_pool_small
D:8:      layout_cave_pools, serial_bayou_lake_a
D:9:      layout_basic, orc_0_dummy
D:10:     layout_rooms, minitemple, lemuel_tele_altar, dpeg_oklobed_lair
D:11:     layout_basic, serial_shops, shop, nicolae_square_shop, uniq_urug,
          uniq_erica
D:12:     layout_cave_pools, abandoned_shop, nicolae_shop_overcharged_wands
D:13:     layout_long_grid, gauntlet_entry_generic, uniq_jorgrun, uniq_lodul
Temple:   corrupted_temple

Skill      XL: |  1  2  3  4  5  6  7  8  9 10 11 12 |
---------------+-------------------------------------+-----
Shields        | 3 4 5 6 7 8 |  8.0
Fighting       | 3 4 5 6 7 |  7.4
Dodging        | 3 4 5 6 7 |  7.4
Unarmed Combat | 3 4 5 6 7 8 10 11 | 11.9
Armour         | 2 3 4 6 |  6.3
Throwing       | 3 |  3.0
Invocations    | 2 |  2.0

Action                     |  1- 3 |  4- 6 |  7- 9 | 10-12 || total
---------------------------+-------+-------+-------+-------++-------
  Melee: Unarmed           |    77 |   103 |   317 |   367 ||   864
  Throw: Stone             |     7 |    10 |     6 |       ||    23
         Boomerang         |       |       |    34 |       ||    34
         Dart              |       |       |    16 |    52 ||    68
         Throwing net      |       |       |     1 |       ||     1
 Invoke: Heroism           |       |       |       |     6 ||     6
  Evoke: Wand              |       |     4 |     6 |     2 ||    12
    Use: Potion            |     3 |       |       |     1 ||     4
         Scroll            |       |     3 |     7 |    10 ||    20
   Stab: Invisible         |       |       |       |     2 ||     2
 Armour: Robe              |    22 |    22 |       |       ||    44
         Troll leather arm |       |     6 |    64 |   144 ||   214
  Dodge: Dodged            |    22 |    45 |   109 |   240 ||   416
  Block: Kite shield       |    35 |    50 |   135 |   221 ||   441

Table legend: (Time is in decaauts)
 A = Elapsed time spent in this place.
 B = Non-inter-level travel time spent in this place.
 C = Inter-level travel time spent in this place.
 D = Time resting spent in this place.
 E = Time spent auto-exploring this place.
 F = Levels seen in this place.
 G = Mean time per level.
                   A        B        C        D        E       F      G
               +--------+--------+--------+--------+--------+-----+--------+
         Total |  10716 |  10308 |    408 |    713 |   7114 |  15 |  714.4 |
       Dungeon |  10557 |  10157 |    400 |    713 |   7054 |  13 |  812.1 |
        Temple |     46 |     38 |      8 |      0 |     18 |   1 |   46.0 |
         Sewer |    112 |    112 |      0 |      0 |     42 |   1 |  112.0 |
               +--------+--------+--------+--------+--------+-----+--------+

Top non-repeatable levels by time:
     D:6: 1066 daAuts
    D:11: 1038 daAuts
     D:4: 1034 daAuts
     D:5: 918 daAuts
     D:7: 908 daAuts
     D:8: 855 daAuts
     D:3: 819 daAuts
     D:1: 793 daAuts
     D:2: 793 daAuts
    D:12: 781 daAuts
    D:10: 713 daAuts
     D:9: 699 daAuts
    D:13: 134 daAuts
   Sewer: 112 daAuts
  Temple: 46 daAuts
